 Dungeon Crawl Stone Soup version 0.29.0-4-gdea44cf6ec (webtiles) character file.

Game seed: 5903847471606025006

51 qw the Trooper (level 3, 0/36 HPs)
             Began as an Ogre Enchanter on Sept 4, 2022.
             Succumbed to an adder's poison
             ... on level 2 of the Dungeon.
             The game lasted 00:00:28 (1514 turns).

qw the Trooper (Ogre Enchanter)                     Turns: 1514, Time: 00:00:28

Health: 0/36       AC:  3    Str: 14    XL:     3   Next: 81%
Magic:  6/6        EV:  9    Int: 16    God:
Gold:   74         SH:  0    Dex:  9    Spells: 6/6 levels left

rFire   . . .      SeeInvis .   l - +0 trident
rCold   . . .      Faith    .   (no shield)
rNeg    . . .      Spirit   .   b - +0 robe
rPois   .          Reflect  .   (helmet restricted)
rElec   .          Harm     .   (no cloak)
rCorr   .          Rampage  .   (gloves unavailable)
Will    .....                   (boots unavailable)
Stlth   ++........              (no amulet)
HPRegen 0.12/turn               (no ring)
MPRegen 0.10/turn               (no ring)

@: lethally poisoned (0 -> -2)
A: large, unfitting armour, tough skin 1
a: no special abilities


You were on level 2 of the Dungeon.
You visited 1 branch of the dungeon, and saw 2 of its levels.

You collected 74 gold pieces.


Innate Abilities, Weirdness & Mutations

You are too large for most types of armour.
You have tough skin. (AC +1)


   Skills:
 - Level 2.9 Fighting
 - Level 0.8 Short Blades
 + Level 2.2 Axes
 - Level 1.7 Dodging
 - Level 2.1 Stealth
 - Level 2.4 Spellcasting
 - Level 2.6 Hexes


You had 6 spell levels left.
You didn't know any spells.
Your spell library contained the following spells:

 Spells                   Type           Power      Damage    Failure   Level
 Ensorcelled Hibernation  Hex/Ice        12%        N/A       17%         2
 Confusing Touch          Hex            10%        N/A       21%         3
 Tukima's Dance           Hex            10%        N/A       21%         3
 Dazzling Flash           Conj/Hex       12%        N/A       34%         3

Inventory:

Hand Weapons
 l - a +0 trident (weapon)
Missiles
 g - a boomerang
 j - 2 javelins (quivered)
Armour
 b - a +0 robe (worn)
Scrolls
 a - a scroll of immolation {unknown}
 e - a scroll of teleportation {unknown}
 f - a scroll of acquirement {unknown}
 i - 2 scrolls of identify {unknown}
 k - a scroll of butterflies {unknown}
Potions
 c - 2 potions of invisibility
 d - a potion of lignification {unknown}
 h - a potion of degeneration {unknown}

Dungeon Overview and Level Annotations

Branches:
Dungeon (2/15)

Altars:

Shops:
D:1 =


Message History

You barely miss the adder.
The adder is lightly wounded.
The adder bites you. x2
You are poisoned.
The adder poisons you!
You hit the adder but do no damage.
The adder is lightly wounded.
You feel sick. The adder bites you. The adder barely misses you.
You miss the adder.
The adder is lightly wounded.
You feel sick. The adder barely misses you.
You hit the adder.
The adder is heavily wounded.
You feel sick. The adder bites you but does no damage. The adder bites you.
You are more poisoned.
The adder poisons you!
You completely miss the adder.
The adder is heavily wounded.
You feel sick. The adder barely misses you.
You closely miss the adder.
The adder is heavily wounded.
You feel sick. The adder bites you.
You are more poisoned.
The adder poisons you! The adder bites you but does no damage.
You hit the adder.
The adder is almost dead.
You feel sick. The adder closely misses you.
You closely miss the adder.
The adder is almost dead.
You feel sick. The adder barely misses you.
The adder bites you but does no damage.
You miss the adder.
The adder is almost dead.
You feel sick. The adder bites you. x2
You hit the adder but do no damage.
The adder is almost dead.
You feel sick. The adder bites you.
You hit the adder.
The adder is almost dead.
You die...

...# .(. ... .. .#
########.######
w.............. #S(#
##@.## ##8..8##
#......# #..>...# #
##8..8## #.
######..### ..
#.####.(.......#
....#............###
#........##......##


You could see an adder.

Vanquished Creatures
  Terence (D:2)
  2 worms (D:2)
  2 endoplasms (D:1)
  2 goblins
  2 hobgoblins (D:1)
  A kobold (D:1)
  8 bats
  2 frilled lizards (D:1)
  2 rats (D:1)
22 creatures vanquished.

Notes
Turn   | Place    | Note
-------+----------+-------------------------------------------
     0 | D:1      | qw the Ogre Enchanter began the quest for the Orb.
     0 | D:1      | Reached XP level 1. HP: 16/16 MP: 3/3
     0 | D:1      | 0 ||| qw: Version: 0.1-a-102-g441f92d
     0 | D:1      | 0 ||| qw: Game counter: 5336
     0 | D:1      | 0 ||| qw: Always use a shield: true
     0 | D:1      | 0 ||| qw: God list: Okawaru
     0 | D:1      | 0 ||| qw: Allow faded altars: false
     0 | D:1      | 0 ||| qw: Do Orc after D:15 true
     0 | D:1      | 0 ||| qw: Do second Lair branch before Depths: true
     0 | D:1      | 0 ||| qw: Lair rune preference: random
     0 | D:1      | 0 ||| qw: Plans: Normal
     0 | D:1      | 0 ||| PLANNING D:1-11
   250 | D:1      | 250 ||| Stepping ~*~*~tactically~*~*~ (stealth).
   253 | D:1      | 253 ||| Stepping ~*~*~tactically~*~*~ (stealth).
   263 | D:1      | Reached skill level 1 in Axes
   386 | D:1      | Reached skill level 1 in Fighting
   519 | D:1      | Reached XP level 2. HP: 27/27 MP: 5/5
   529 | D:1      | 529 ||| SWAPPING to +0 spear.
   530 | D:1      | 530 ||| DROPPING +1 dagger.
   920 | D:1      | Found Dudedeag's Jewellery Boutique.
   925 | D:1      | 925 ||| SHOPLISTING +4 ring of evasion (396 gold, have 10).
   925 | D:1      | 925 ||| SHOPLISTING +4 ring of protection (396 gold, have
                  | 10).
   925 | D:1      | 925 ||| SHOPLISTING +4 ring of slaying (858 gold, have 10).
   925 | D:1      | 925 ||| SHOPLISTING +6 ring of strength (396 gold, have
                  | 10).
   925 | D:1      | 925 ||| SHOPLISTING ring of protection from fire (275 gold,
                  | have 10).
   967 | D:1      | Found a faded altar of an unknown god.
   997 | D:1      | 997 ||| Stepping ~*~*~tactically~*~*~ (stealth).
  1092 | D:1      | You fall into a shaft and drop 1 floor!
  1161 | D:2      | Noticed Terence
  1162 | D:2      | 1162 ||| SWAPPING to +0 trident.
  1176 | D:2      | Killed Terence
  1177 | D:2      | Reached XP level 3. HP: 18/36 MP: 6/6
  1324 | D:2      | 1324 ||| DROPPING +0 spear.
  1390 | D:2      | 1390 ||| Stepping ~*~*~tactically~*~*~ (hiding).
  1492 | D:2      | 1492 ||| Stepping ~*~*~tactically~*~*~ (hiding).
  1512 | D:2      | HP: 8/36 [poisoned by an adder]
  1512 | D:2      | HP: 3/36 [adder (2)]
  1513 | D:2      | HP: 1/36 [adder (1)]
  1514 | D:2      | Succumbed to an adder's poison

Levels and vault maps discovered:
D:1:      wander_arrival_estate, layout_basic, serial_shops, shop,
          shapermc_ecumenical_altar_flowoftime, minmay_misc_feat_pillars,
          minivault_4, minmay_statues_item, nicolae_hexahallways
D:2:      layout_basic, st_stairs_6, chequers_serial_rivers_marsh,
          minmay_randomly_rotated_circles, uniq_terence

Skill      XL: |  1  2 |
---------------+-------+-----
Axes           | 1 2 |  2.2
Fighting       | 1 2 |  2.9
Short Blades   | |  0.8
Dodging        | |  1.7
Stealth        | |  2.1
Spellcasting   | |  2.4
Hexes          | |  2.6

Action                   || total
-------------------------++-------
Melee: Dagger            ||    18
       Punch             ||     2
       Spear             ||    18
       Trident           ||    30
Throw: Boomerang         ||    23
       Javelin           ||    14
Armor: Robe              ||    19
Dodge: Dodged            ||    32

Table legend:
 A = Non-vault XP
 B = Vault XP
 C = Vault XP percentage of total XP
 D = Non-vault monster count
 E = Vault monster count
 F = Vault count percentage of total count
                 A         B        C        D         E       F
            +---------+---------+-------+---------+---------+-------
      Total |      35 |      38 |  52.1 |      20 |       2 |   9.1
            +---------+---------+-------+---------+---------+-------
        D:1 |      25 |       0 |   0.0 |      17 |       0 |   0.0
        D:2 |      10 |      38 |  79.2 |       3 |       2 |  40.0
            +---------+---------+-------+---------+---------+-------
